AoeStats
← huko2019

Arena

505695317Analyzed
2v2 RM · 20d ago on Sep 10, 2026· 67m 27s· 4 players
Game mode
Random Map
Map size
Medium (4 player)
Population
200
Speed
Normal
Resources
Standard
Victory
Conquest
Starting age
Dark Age
Ending age
Imperial Age
RankedLock teamsTeams togetherTeam positionsShared explorationLock speedFull tech treeHidden civsTurbo modeCheats
Victory
Defeat
🇩🇪 Vietnamese · Germany
1031
+15
🇩🇪 Britons · Germany
969
+44
🇩🇪 Spanish · Germany
1019
-17
🇦🇹 Turks · Austria
1016
-17
Bot LarryS
9:38 Loom
11:24 Feudal Age
16:49 Castle Age
15:05 Double-Bit Axe
15:46 Horse Collar
16:22 Fletching
16:48 Gold Mining
26:20 Bodkin Arrow
32:59 Imperial Age
30:57 Padded Archer Armor
32:03 Wheelbarrow
33:06 Ballistics
33:15 Bow Saw
33:34 Leather Archer Armor
34:05 Paper Money
34:01 Bracer
35:04 Chemistry
36:57 Ring Archer Armor
37:11 Heavy Plow
38:50 Elite Rattan Archer
40:57 Stone Mining
42:47 Scale Barding Armor
42:53 Forging
44:00 Hand Cart
43:30 Town Watch
43:28 Elite Battle Elephant
44:37 Husbandry
44:48 Bloodlines
45:23 Bloodlines
45:34 Chain Barding Armor
46:32 Iron Casting
46:07 Chatras
47:48 Plate Barding Armor
48:35 Two-Man Saw
51:05 Fortified Wall
54:31 Light Cavalry
Dorian
7:01 Loom
12:31 Feudal Age
16:58 Wheelbarrow
16:33 Town Watch
16:48 Gold Mining
16:48 Double-Bit Axe
18:19 Town Watch
19:11 Horse Collar
25:20 Castle Age
24:48 Scale Barding Armor
24:44 Scale Mail Armor
24:44 Padded Archer Armor
24:55 Forging
24:35 Fletching
24:46 Stone Mining
27:54 Man-at-Arms
38:36 Castle Age
43:07 Hand Cart
45:59 Bow Saw
57:33 Town Patrol
58:19 Heavy Plow
59:13 Crossbowman
62:52 Chain Barding Armor
62:47 Chain Mail Armor
62:47 Leather Archer Armor
63:08 Iron Casting
62:28 Bodkin Arrow
68:15 Imperial Age
66:18 Yeomen
Frere__Jaques
10:35 Feudal Age
9:20 Loom
15:20 Castle Age
14:49 Double-Bit Axe
26:53 Horse Collar
28:19 Wheelbarrow
28:41 Heavy Plow
29:44 Fletching
30:01 Scale Barding Armor
30:27 Gold Mining
30:53 Bow Saw
37:05 Bloodlines
36:56 Husbandry
37:58 Bodkin Arrow
38:03 Padded Archer Armor
38:24 Chain Barding Armor
38:58 Elite Skirmisher
44:55 Imperial Age
43:10 Wheelbarrow
43:14 Ballistics
44:15 Leather Archer Armor
47:14 Ring Archer Armor
46:45 Bracer
48:52 Two-Man Saw
48:29 Hand Cart
huko2019
11:44 Feudal Age
12:03 Feudal Age
13:56 Double-Bit Axe
14:07 Horse Collar
17:41 Castle Age
18:56 Bow Saw
24:09 Imperial Age
22:22 Padded Archer Armor
22:48 Gold Mining
26:11 Leather Archer Armor
32:41 Two-Man Saw
32:19 Gold Shaft Mining
36:01 Bloodlines
40:18 Scale Barding Armor
41:20 Heavy Plow
44:07 Forging
45:12 Chain Barding Armor
45:28 Iron Casting
48:09 Wheelbarrow
50:09 Plate Barding Armor
49:49 Heavy Cavalry Archer
50:55 Parthian Tactics
51:50 Fletching
64:51 Blast Furnace
Connection lost

Rejoining the realm…

Still unreachable

The connection could not be restored.

Session expired

The server has moved on; the page needs a fresh start.